 Dungeon Crawl Stone Soup version 0.27-a0-1202-ge72e49191c (webtiles) character file.

Game seed: 14602827724367596420

279 deadmanwalking the Magician (level 6, 0/40 HPs)
             Began as a Djinni Ice Elementalist on June 2, 2021.
             Slain by a water moccasin skeleton (7 damage)
             ... on level 4 of the Dungeon.
             The game lasted 00:12:25 (4564 turns).

deadmanwalking the Magician (DjIE)                  Turns: 4564, Time: 00:12:26

Health: 0/40       AC:  4    Str:  7    XL:     6   Next: 52%
Gold:   205        EV: 12    Int: 18    God:
                   SH:  0    Dex: 14

rFire    + + .     SeeInvis .   a - +2 dagger (drain)
rCold    . . .     Faith    .   (no shield)
rNeg     . . .     Spirit   .   h - +2 robe {rC+}
rPois    ∞         Reflect  .   (no helmet)
rElec    .         Harm     .   o - scarf {repulsion}
rCorr    .         Rampage  .   (no gloves)
Will     +....                  (boots unavailable)
Stlth    ++........             (no amulet)
HPRegen  0.13/turn              l - ring of willpower
MPRegen  0.00/turn              (no ring)

@: flying, repel missiles
A: sickness immunity, fire resistance 2, cold vulnerability 1, float, innate
caster, hp casting, extra vitality 1
a: no special abilities


You were on level 4 of the Dungeon.
You visited 1 branch of the dungeon, and saw 4 of its levels.

You collected 205 gold pieces.

Inventory:

Hand Weapons
 a - a +2 dagger of draining (weapon)
 c - a +0 whip
Missiles
 b - 21 stones
 g - 6 boomerangs
 j - 8 arrows
 k - 54 poisoned darts
 q - 15 sling bullets
Armour
 d - a +0 robe
 h - a +2 robe of cold resistance (worn)
 m - a scarf of invisibility
 o - a scarf of repulsion (worn)
Jewellery
 l - a ring of willpower (left hand)
Scrolls
 i - a scroll of acquirement {unknown}
 n - a scroll of identify
 p - a scroll of torment {unknown}
Potions
 e - a potion of resistance
 f - a potion of might {unknown}


   Skills:
 + Level 1.1 Short Blades
 + Level 2.8 Dodging
 - Level 1.5 Stealth
 * Level 5.3 Spellcasting
 - Level 1.0 Evocations


You couldn't memorise any spells.
You knew the following spells:

 Your Spells              Type           Power      Damage    Failure   Level
a - Freeze                Ice            96%        1d11      1%          1
b - Frozen Ramparts       Ice            48%        1d6       4%          3
c - Ozocubu's Armour      Ice            24%        N/A       4%          3
d - Hailstorm             Conj/Ice       24%        3d7       14%         4
e - Metabolic Englaciati  Hex/Ice        12%        N/A       36%         5
f - Corona                Hex            26%        N/A       1%          1
g - Wereblood             Tmut           24%        N/A       2%          2
Your spell library was empty.

Dungeon Overview and Level Annotations

Branches:
Dungeon (4/15)
 Temple: D:4-7

Altars:


Innate Abilities, Weirdness & Mutations

You are immune to sickness and miasma.
You are immune to poison.
Your flesh is very heat resistant. (rF++)
You are vulnerable to cold. (rC-)
You float through the air rather than walking.
You learn spells naturally, not from books.
Your magical power is your life essence.
You have superior vitality. (+4 HP)


Message History

You freeze the water moccasin skeleton but do no damage.
The water moccasin skeleton completely resists.
The water moccasin skeleton closely misses you.
Casting: Freeze (safe; 1% risk of failure)
Confirm with . or Enter, or press ? or * to list all spells.
Aiming: Freeze (safe; 1% risk of failure)
Press: ? - help, Shift-Dir - straight line, f/p - water moccasin skeleton
Aim: a water moccasin skeleton (heavily damaged)
You freeze the water moccasin skeleton but do no damage.
The water moccasin skeleton completely resists.
The water moccasin skeleton bites you.
* * * LOW HITPOINT WARNING * * *
You closely miss the water moccasin skeleton.
The water moccasin skeleton is heavily damaged.
The water moccasin skeleton misses you.
You hit the water moccasin skeleton.
The water moccasin skeleton is heavily damaged.
The water moccasin skeleton bites you.
* * * LOW HITPOINT WARNING * * *
The water moccasin skeleton closely misses you.
You hit the water moccasin skeleton.
The water moccasin skeleton is severely damaged.
The water moccasin skeleton bites you.
* * * LOW HITPOINT WARNING * * *
Okay, then.
You barely miss the water moccasin skeleton.
The water moccasin skeleton is severely damaged.
The water moccasin skeleton bites you but does no damage.
You hit the water moccasin skeleton.
The water moccasin skeleton is severely damaged.
The water moccasin skeleton closely misses you.
You hit the water moccasin skeleton.
The water moccasin skeleton is almost destroyed.
The water moccasin skeleton bites you.
* * * LOW HITPOINT WARNING * * *
Okay, then.
You barely miss the water moccasin skeleton.
The water moccasin skeleton is almost destroyed.
The water moccasin skeleton bites you!
You die...

#... .# #..# .# #<#
.# #..# .# ....# .#
###... .# ##..
#########.######
####
#.......@Z.$...#
#.#######.####..
#.# .# #.### ##.#
#...# #..# ###.#
#.## #.# #.#
###.####.##########
#.....##.#....>...#


You could see a water moccasin skeleton.

Vanquished Creatures
  Jessica (D:2)
  An orc wizard (D:4)
  Natasha (thrice) (D:2)
  6 gnolls
  An adder (D:3)
  A worm (D:2)
  A dart slug (D:1)
  6 orcs
  3 ball pythons
  4 endoplasms
  4 giant cockroaches
  5 goblins
  6 hobgoblins
  6 jackals
  3 quokkas
  5 bats
  6 frilled lizards
  9 kobolds
  9 rats
80 creatures vanquished.

Notes
Turn   | Place    | Note
-------+----------+-------------------------------------------
     0 | D:1      | deadmanwalking the Djinni Ice Elementalist began the quest
                  | for the Orb.
     0 | D:1      | Reached XP level 1. HP: 15/15 MP: 0/0
   218 | D:1      | Reached XP level 2. HP: 19/21 MP: 0/0
   554 | D:1      | Reached XP level 3. HP: 24/25 MP: 0/0
   554 | D:1      | Learned a level 1 spell: Corona
   581 | D:1      | Reached skill level 4 in Spellcasting
  1632 | D:2      | Noticed Jessica
  1648 | D:2      | Killed Jessica
  1649 | D:2      | Reached XP level 4. HP: 11/31 MP: 0/0
  1946 | D:2      | Found a faded altar of an unknown god.
  2068 | D:2      | Reached XP level 5. HP: 11/35 MP: 0/0
  2068 | D:2      | Learned a level 2 spell: Wereblood
  2427 | D:2      | Noticed Natasha
  2431 | D:2      | Killed Natasha
  2512 | D:2      | Reached skill level 5 in Spellcasting
  2822 | D:2      | Noticed Natasha
  2833 | D:2      | Killed Natasha
  3014 | D:2      | Noticed Natasha
  3019 | D:2      | Killed Natasha
  3020 | D:2      | Reached XP level 6. HP: 26/40 MP: 0/0
  3607 | D:3      | Reached skill level 1 in Evocations
  4109 | D:3      | Reached skill level 1 in Short Blades
  4564 | D:4      | Slain by a water moccasin skeleton

Illustrated notes

Levels and vault maps discovered:
D:1:      matt_arrival_los_fun, layout_loops_ring,
          chequers_serial_rivers_micro_c, serial_bayou_pond_c,
          chequers_serial_rivers_marsh
D:2:      layout_loops_ring, basic_ecumenical_altar, uniq_jessica, uniq_natasha
D:3:      layout_loops_corners, grunt_decor_fettered
D:4:      minmay_wonky_spiral, layout_loops_ring, nzn_wu_jian_council_hall,
          uniq_ijyb, uniq_crazy_yiuf_cottage

Skill      XL: |  1  2  3  4  5  6 |
---------------+-------------------+-----
Spellcasting   | 4 5 |  5.3
Evocations     | 1 |  1.0
Short Blades   | 1 |  1.1
Dodging        | |  2.8
Stealth        | |  1.5

Action                   |  1- 3 |  4- 6 || total
-------------------------+-------+-------++-------
Melee: Unarmed           |     2 |       ||     2
       Dagger            |    23 |    94 ||   117
Throw: Boomerang         |       |     4 ||     4
       Dart              |       |     2 ||     2
 Cast: Freeze            |    38 |    27 ||    65
       Frozen Ramparts   |     1 |     6 ||     7
       Ozocubu's Armour  |       |     1 ||     1
  Use: Scroll            |       |     1 ||     1
 Stab: Sleeping          |     2 |     4 ||     6
Armor: Robe              |    15 |    29 ||    44
Dodge: Dodged            |    56 |    62 ||   118

Table legend: (Time is in decaauts)
 A = Elapsed time spent in this place.
 B = Non-inter-level travel time spent in this place.
 C = Inter-level travel time spent in this place.
 D = Time resting spent in this place.
 E = Time spent auto-exploring this place.
 F = Levels seen in this place.
 G = Mean time per level.
                   A        B        C        D        E       F      G
               +--------+--------+--------+--------+--------+-----+--------+
         Total |   4567 |   4220 |    347 |      3 |   3592 |   4 | 1141.8 |
       Dungeon |   4567 |   4220 |    347 |      3 |   3592 |   4 | 1141.8 |
               +--------+--------+--------+--------+--------+-----+--------+

Top non-repeatable levels by time:
     D:2: 1743 daAuts
     D:1: 1440 daAuts
     D:3: 1187 daAuts
     D:4: 197 daAuts
